 Dungeon Crawl Stone Soup version 0.22-a0-305-gd21a89c538 (webtiles) character file.

186 Oravi the Insei (level 5, -12/37 HPs)
             Began as a Merfolk Transmuter on Apr 1, 2018.
             Killed by divine providence
             ... invoked by an orc priest
              (13 damage)
             ... on level 4 of the Dungeon.
             The game lasted 00:10:21 (2595 turns).

Oravi the Insei (Merfolk Transmuter)                Turns: 2595, Time: 00:10:24

Health: -12/37     AC:  2    Str: 16    XL:     5   Next: 66%
Magic:  5/9        EV: 22    Int: 13    God:
Gold:   242        SH:  0    Dex: 19    Spells: 4/10 levels left

rFire    . . .     SeeInvis .     - Unarmed
rCold    . . .     Gourm    .   (shield currently unavailable)
rNeg     . . .     Faith    .   (armour currently unavailable)
rPois    x         Spirit   .   (helmet currently unavailable)
rElec    .         Reflect  .   (cloak currently unavailable)
rCorr    .         Harm     .   (gloves currently unavailable)
MR       .....                  (boots currently unavailable)
Stlth    ++........             q - amulet of magic regeneration
HPRegen  0.12/turn              (no ring)
MPRegen  0.36/turn              (no ring)

@: mighty, spider-form (expiring), flying
A: tiny, (change form in water), (swift swim), (stealthy swim)
a: End Transformation


You were on level 4 of the Dungeon.
You were not hungry.
You were a venomous arachnid creature.
You visited 1 branch of the dungeon, and saw 4 of its levels.

You collected 242 gold pieces.

Inventory:

Hand Weapons
 t - a +1 trident of venom (melded)
Missiles
 a - 138 arrows
Armour
 b - a +0 robe (melded)
 r - a +0 helmet (melded)
 s - a +0 cloak (melded)
Jewellery
 q - an amulet of magic regeneration (around neck)
Scrolls
 e - 5 scrolls of identify {unknown}
 g - a scroll of random uselessness {unknown}
 h - 2 scrolls of fear {unknown}
 i - 2 scrolls of teleportation {unknown}
 l - 2 scrolls of amnesia {unknown}
 m - 2 scrolls of fog {unknown}
Potions
 c - 2 potions of curing
 j - a potion of might
 k - 2 potions of brilliance {unknown}
 n - a potion of resistance {unknown}
 o - a potion of agility {unknown}
 p - a potion of heal wounds {unknown}
Comestibles
 d - 5 rations


   Skills:
 + Level 1.3 Fighting
 + Level 3.5 Dodging
 + Level 4.4 Unarmed Combat
 + Level 3.2 Spellcasting
 * Level 4.3 Transmutations
 * Level 1.1 Poison Magic


You had 4 spell levels left.
You knew the following spells:

 Your Spells              Type           Power        Failure   Level  Hunger
a - Beastly Appendage     Tmut           ##....       12%         1    #......
b - Sticks to Snakes      Tmut           ##......     16%         2    ##.....
c - Spider Form           Tmut/Pois      #.........   43%         3    ###....


Dungeon Overview and Level Annotations

Branches:
Dungeon (4/15)
 Temple: D:4-7

Altars:
Gozag


Message History

Your adder barely misses the quokka.
Your ball python barely misses the quokka.
Your ball python closely misses the quokka.
It was a potion of might.
You feel very mighty all of a sudden.
Your adder bites the quokka.
The quokka is poisoned.
Your adder poisons the quokka!
The quokka closely misses your adder.
The orc priest looks braver for a moment.
Your ball python bites the quokka but does no damage.
Your ball python misses the quokka.
Your adder misses the quokka. The quokka bites your ball python.
Your ball python dies!
The orc priest mumbles some strange prayers to Beogh against you.
Beogh smites you!
* * * LOW HITPOINT WARNING * * *
Your adder bites the quokka but does no damage.
The quokka bites your adder.
The orc priest mumbles some strange prayers to Beogh against you.
Beogh smites you!
You die...

##.####### #..#
###..### ##
#.....[### ##...
#...####....#####....
..# #...###..........
# #...........##.
##.......#..#
##......#.s#
########SS# ##r#
#oo.a.... #........
#..#.ro.o ##.##..o.
## ##.. #


You could see 2 orc priests, a quokka and 2 friendly adders.

Vanquished Creatures
  An orc wizard (D:3)
  Terence (D:3)
  Robin (D:3)
  5 adders
  A worm (D:3)
  2 dart slugs (D:1)
  2 leopard geckos (D:1)
  5 orcs (D:3)
  A ball python (D:2)
  9 goblins
  11 hobgoblins
  3 kobolds (D:3)
  A quokka (D:3)
  6 bats
  4 rats
53 creatures vanquished.

Vanquished Creatures (collateral kills)
  A worker ant (D:4)
1 creature vanquished.

Grand Total: 54 creatures vanquished

Notes
Turn   | Place    | Note
-------+----------+-------------------------------------------
     0 | D:1      | Oravi the Merfolk Transmuter began the quest for the Orb.
     0 | D:1      | Reached XP level 1. HP: 15/15 MP: 3/3
   370 | D:1      | Reached XP level 2. HP: 21/21 MP: 3/5
  1112 | D:2      | Reached XP level 3. HP: 23/26 MP: 4/6
  1177 | D:2      | Learned a level 2 spell: Sticks to Snakes
  1181 | D:2      | Learned a level 3 spell: Spider Form
  1491 | D:2      | Found an opulent altar of Gozag.
  1600 | D:3      | Reached XP level 4. HP: 26/32 MP: 5/8
  1630 | D:3      | Noticed Robin
  1640 | D:3      | Killed Robin
  1746 | D:3      | Noticed Terence
  1753 | D:3      | Killed Terence
  1753 | D:3      | Reached XP level 5. HP: 33/37 MP: 7/9
  1799 | D:3      | Reached skill level 1 in Poison Magic
  2595 | D:4      | HP: 1/37 [orc priest/divine providence (17)]
  2595 | D:4      | Killed from afar by an orc priest

Vault maps used:
D:1:      roderic_crop_circles_arrival_small
D:2:      grunt_gozag_statues
D:3:      first_ration, hangedman_decor_peaks_small, uniq_robin, uniq_terence
D:4:      serial_glass, glass_columns_a, glass_columns_b, hex_medium,
          serial_bayou_pond_e, uniq_pikel, uniq_menkaure

Skill      XL: |  1  2  3  4  5 |
---------------+----------------+-----
Transmutations | 3 4 |  4.3
Unarmed Combat | 4 |  4.4
Dodging        | 3 |  3.5
Spellcasting   | 3 |  3.2
Poison Magic   | 1 |  1.1
Fighting       | |  1.3

Action                   |  1- 3 |  4- 6 || total
-------------------------+-------+-------++-------
Melee: Unarmed           |    82 |    73 ||   155
       Headbutt          |     5 |     5 ||    10
       Punch             |     1 |     1 ||     2
 Cast: Beastly Appendage |    12 |     9 ||    21
       Spider Form       |     3 |     5 ||     8
       Sticks to Snakes  |       |     3 ||     3
  Use: Potion            |       |     3 ||     3
  Eat: Chunk             |     2 |     4 ||     6
       Ration            |       |     1 ||     1
Armor: Robe              |    10 |     6 ||    16
       Skin              |       |     1 ||     1
Dodge: Dodged            |    47 |    69 ||   116

Table legend:
 A = Spawn XP
 B = Non-spawn XP
 C = Spawn XP percentage of total XP
 D = Spawn monster count
 E = Non-spawn monster count
 F = Spawn count percentage of total count
 G = Total turns spent on level
                    A         B        C        D         E        F      G
               +---------+---------+-------+---------+---------+-------+---------
         Total |       0 |     267 |   0.0 |       0 |      54 |   0.0 |  2595
               +---------+---------+-------+---------+---------+-------+---------
           D:1 |       0 |      31 |   0.0 |       0 |      15 |   0.0 |  1101
           D:2 |       0 |      25 |   0.0 |       0 |       7 |   0.0 |   470
           D:3 |       0 |     181 |   0.0 |       0 |      30 |   0.0 |   982
           D:4 |       0 |      30 |   0.0 |       0 |       2 |   0.0 |    42
               +---------+---------+-------+---------+---------+-------+---------
